 Dungeon Sprint DCSS version 0.03.2.1-39-gc08451f611 (webtiles) character file.

Game seed: 197955665204172665, levelgen mode: deterministic

35 esc the Quickloader (level 3, 0/29 HPs) Centaur Hunter. Began on Jan 24, 2021. Slain by an orc wizard ... wielding a +0 dagger (2 damage) ... in the Dungeon (Sprint IX: "|||||||||||||||||||||||||||||"). The game lasted 00:01:02 (45 turns).

esc the Quickloader (Centaur Hunter)                  Turns: 45, Time: 00:01:02

Health: 0/29       AC:  4    Str: 14    XL:     3 ^: 47
Magic:  3/3        EV:  9    Int: 10    God:
Gold:   0          SH:  0    Dex: 10    Spells: 2/2 levels left

rFire    . . .     Vision   .   a - +1 hand crossbow
rCold    . . .     Gourm    .   (no weapon)
rNeg     . . .     Faith    .   c - +0 leather armour
rPois    .         Spirit   .   (no helmet)
rElec    .         Reflect  .   (no cloak)
rCorr    .         Harm     .   (no gloves)
MR       .....     NoTele   +   (no barding)
Stlth    +.........             (no amulet)
HPRegen  0.19/turn              (no ring)
MPRegen  0.13/turn              (no ring)

@: very quick
A: large, hooves 3, deformed body, speed 2, tough skin 3
a: no special abilities


You were in the Dungeon.
You were not hungry.

You visited 1 branch

Inventory:

Weapons
 a - a +1 hand crossbow (weapon)
 b - a +0 short sword
Armour
 c - a +0 leather armour (worn)
Scrolls
 j - a scroll of blinking
Potions
 g - a potion of haste
 h - 2 potions of magic
 i - a potion of berserk rage
Comestibles
 d - a ration
 k - 9 chunks of flesh


   Skills:
 - Level 2.0 Fighting
 + Level 8.3 Crossbows
 - Level 1.3 Dodging
 - Level 0.4 Stealth


You had 2 spell levels left.
You didn't know any spells.
Your spell library was empty.

Dungeon Overview and Level Annotations

Branches:
Dungeon (1/1)

Altars:


Innate Abilities, Weirdness & Mutations

You have hooves in place of feet.
Armour fits poorly on your strangely shaped body.
You cover ground very quickly.
You have extremely tough skin. (AC +3)


Message History

Aiming:
a - a +1 hand crossbow, Range: 3 (75%)
Press: ? - help, Shift-Dir - straight line You shoot a bolt.
Something hits you (4).
* * * LOW HITPOINT WARNING * * *
You feel better. Something hits you (4).
* * * LOW HITPOINT WARNING * * *
Something hits you but does no damage.
Aiming:
a - a +1 hand crossbow, Range: 1 (25%)
Press: ? - help, Shift-Dir - straight line You shoot a bolt.
Something hits you (1).
* * * LOW HITPOINT WARNING * * *
Aiming:
a - a +1 hand crossbow, Range: 1 (25%)
Press: ? - help, Shift-Dir - straight line You shoot a bolt.
Something hits you but does no damage. Something hits you (1).
* * * LOW HITPOINT WARNING * * *
Aiming:
a - a +1 hand crossbow, Range: 1 (25%)
Press: ? - help, Shift-Dir - straight line You shoot a bolt.
Something hits you (2).
You die...

▓+▓
▓†▓
▓.▓
▓†▓
▓.▓
▓)▓
▓{▓
▓@▓
▓)▓
▓.▓
▓÷▓
▓.▓
▓÷▓
▓.▓
▓.▓
▓.▓


There were no monsters in sight!

Vanquished Creatures
  A giant cockroach (D)
  An adder (D)
  A dart slug (D)
  A leopard gecko (D)
  An orc (D)
  A goblin (D)
  A hobgoblin (D)
  A bat (D)
  A rat (D)
9 creatures vanquished.

Notes
Turn   | Place    | Note
-------+----------+-------------------------------------------
     0 | D        | esc the Centaur Hunter began the quest for the Orb.
     0 | D        | Reached XP level 1. HP: 17/17 MP: 1/1
     4 | D        | Reached skill level 5 in Crossbows
     7 | D        | Reached skill level 6 in Crossbows
    31 | D        | Noticed an orc wizard
    32 | D        | Reached skill level 7 in Crossbows
    32 | D        | Reached XP level 2. HP: 22/24 MP: 2/2
    34 | D        | Reached skill level 8 in Crossbows
    34 | D        | Reached XP level 3. HP: 21/29 MP: 3/3
    41 | D        | HP: 1/29 [something (4)]
    45 | D        | Slain by an orc wizard

Levels and vault maps discovered:
D:        linesprint [early_d, line_temple, items_1, d_10, items_2, lair_1,
          lair_end, items_3, orc_1, orc_end, items_4, d_15, swamp_1, shoals_1,
          snake_1, spider_1, d_20, vaults_1, items_5, swamp_end, shoals_end,
          snake_end, spider_end, vaults_end, d_27, items_6, zot_1, zot_end,
          crypt_end, forest_end, elf_end, slime_end, tomb_end, abyss_end,
          pan_hell_end]

Skill      XL: |  1  2 |
---------------+-------+-----
Crossbows      | 7 8 |  8.3
Fighting       | |  2.0
Dodging        | |  1.3
Stealth        | |  0.4

Action                   || total
-------------------------++-------
Melee: Unarmed           ||     6
       Kick              ||     1
 Fire: Hand crossbow     ||    18
  Use: Potion            ||     2
Armor: Leather armour    ||     8
Dodge: Dodged            ||     9
